 Dungeon Crawl Stone Soup version 0.30-a0-782-ge64f9170bb (webtiles) character file.

Game seed: 5638346373805721433

266 senseless the Trooper (level 6, -3/50 HPs)
             Began as a Demonspawn Fighter on Mar 13, 2023.
             Slain by a gnoll bouda
             ... wielding a +0 whip
              (5 damage)
             ... on level 5 of the Dungeon.
             The game lasted 00:08:47 (3180 turns).

senseless the Trooper (Demonspawn Fighter)          Turns: 3180, Time: 00:08:48

Health: -3/50      AC:  6    Str: 17 (19) XL:     6   Next: 0%
Magic:  6/6        EV:  9    Int:  7 (9)  God:
Gold:   1312       SH: 11    Dex:  9 (12) Spells: 5/5 levels left

rFire   . . .      SeeInvis .    a - +2 war axe
rCold   . . .      Faith    .    c - +3 buckler
rNeg    . . .      Spirit   .    b - +0 scale mail
rPois   .          Reflect  .    (no helmet)
rElec   .          Harm     .    (no cloak)
rCorr   .          Rampage  .    (no gloves)
Will    .....                    (no boots) Stlth
                                 (no amulet)
HPRegen 0.28/turn                (no ring)
MPRegen 0.20/turn                (no ring)

@: weakened
A: magic regeneration, condensation shield, weakness stinger 1
a: no special abilities


You were on level 5 of the Dungeon.
You visited 1 branch of the dungeon, and saw 5 of its levels.

You collected 1312 gold pieces.

Inventory:

Hand Weapons
 a - a +2 war axe (weapon)
Missiles
 g - 3 atropa-tipped darts (quivered)
Armour
 b - a +0 scale mail (worn)
 c - a +3 buckler (worn)
 s - a +0 kite shield
Wands
 k - a wand of paralysis (5)
Scrolls
 j - 2 scrolls of teleportation
 n - 2 scrolls of silence
Potions
 d - a potion of might
 e - 2 potions of haste
 f - 4 potions of curing
 h - a potion of resistance
 i - a potion of flight
 m - a potion of invisibility
 p - 2 potions of brilliance
 r - a potion of lignification {unknown}


   Skills:
 * Level 4.9 Fighting
 + Level 3.0 Axes
 + Level 3.5 Armour
 + Level 3.6 Shields


You had 5 spell levels left.
You didn't know any spells.
Your spell library contained the following spells:

 Spells                   Type           Power      Damage    Failure   Level
 Kiss of Death            Conj/Necr      0%         2d5       90%         1
 Sting                    Tmut/Pois      0%         1d3       90%         1
 Ensorcelled Hibernation  Hex/Ice        0%         N/A       97%         2
 Passwall                 Tmut/Erth      0%         N/A       97%         2
 Poisonous Vapours        Pois/Air       0%         N/A       97%         2
 Scorch                   Fire           0%         2d5       97%         2
 Confusing Touch          Hex            0%         N/A       99%         3
 Frozen Ramparts          Ice            0%         1d1       99%         3
 Swiftness                Air            0%         N/A       99%         3
 Dispel Undead            Necr           0%         3d6       100%        4
 Flame Wave               Conj/Fire      0%         2d4       100%        4
 Ice Form                 Ice/Tmut       0%         N/A       100%        4
 Olgreb's Toxic Radiance  Pois           0%         N/A       100%        4
 Summon Ice Beast         Ice/Summ       0%         N/A       100%        4
 Summon Cactus Giant      Summ           0%         N/A       100%        6


Dungeon Overview and Level Annotations

Branches:
Dungeon (5/15)
 Temple: D:4-7

Altars:

Shops:
D:1 *

Annotations:
D:3 3 runed translucent doors, emiel's ghost, amateur OgEE


Innate Abilities, Weirdness & Mutations

You regenerate magic rapidly.
A meltable shield of frost defends you. (SH +4)
You have a small tail.


Message History

The gnoll hits you from afar with a +0 spear!
The gnoll hits you with a +0 whip.
The gnoll bouda hits you with a +0 whip!
* * * LOW HITPOINT WARNING * * *
You are too injured to fight recklessly!
You are too injured to fight recklessly!
You are too injured to fight recklessly!
You are too injured to fight recklessly!
You are too injured to fight recklessly!
You are too injured to fight recklessly!
You are too injured to fight recklessly!
You are too injured to fight recklessly!
You are too injured to fight recklessly!
You are too injured to fight recklessly!
You are too injured to fight recklessly!
You are too injured to fight recklessly!
You are too injured to fight recklessly!
You are too injured to fight recklessly!
You are too injured to fight recklessly!
You closely miss the gnoll.
Your tail-slap misses the gnoll.
The gnoll is almost dead.
You hit the gnoll.
You kill the gnoll!
You hit the gnoll bouda but do no damage.
Your attacks no longer feel as feeble.
The gnoll hits you from afar with a +0 spear.
* * * LOW HITPOINT WARNING * * *
You block the gnoll's attack. You block the gnoll bouda's attack.
The gnoll hits you with a +0 whip.
* * * LOW HITPOINT WARNING * * *
The gnoll hits you but does no damage.
Your Axes skill increases to level 3!
You have reached level 6!
It was a potion of degeneration.
There was something very wrong with that liquid.
You feel weakened.
You feel dopey.
You feel clumsy.
The gnoll bouda gazes fiercely through you!
You feel your attacks grow feeble.
The gnoll bouda hits you with a +0 whip.
You die...

# ### # #######.## ###
....$..g.#### ### #..
#.g@....####.# #..
#...g.)###.....## ###..
##.............####...#
#..............#...###
#..#########.......# #
#..# ##.....## # #.##
##....# # .# #....# #
###.##


You could see a gnoll bouda and 2 gnolls.

Vanquished Creatures
  2 scorpions
  A jelly (D:4)
  3 adders
  A gnoll (D:5)
  A worm (D:4)
  An orc (D:5)
  8 ball pythons
  7 bats
  3 endoplasms
  4 giant cockroaches
  3 hobgoblins
  16 jackals
  3 quokkas
  6 frilled lizards
  9 goblins
  6 kobolds
  5 rats
79 creatures vanquished.

Notes
Turn   | Place    | Note
-------+----------+-------------------------------------------
     0 | D:1      | senseless the Demonspawn Fighter began the quest for the
                  | Orb.
     0 | D:1      | Reached XP level 1. HP: 18/18 MP: 1/1
   121 | D:1      | Gained mutation: A meltable shield of frost defends you.
                  | (SH +4) [demonic ancestry]
   121 | D:1      | Reached XP level 2. HP: 24/24 MP: 2/2
   212 | D:1      | Found Jonuimno's General Store.
   502 | D:1      | Reached XP level 3. HP: 28/29 MP: 3/3
  1465 | D:3      | Gained mutation: You regenerate magic rapidly. [demonic
                  | ancestry]
  1465 | D:3      | Reached XP level 4. HP: 37/37 MP: 4/4
  1516 | D:3      | Found a runed translucent gate.
  1517 | D:3      | Found a runed translucent gate.
  1517 | D:3      | Found a runed translucent gate.
  1518 | D:3      | Noticed emiel's ghost (amateur OgEE)
  1665 | D:3      | Reached skill level 4 in Fighting
  2085 | D:4      | Noticed a scorpion
  2092 | D:4      | Killed a scorpion
  2239 | D:4      | Gained mutation: You have a small tail. [demonic ancestry]
  2239 | D:4      | Reached XP level 5. HP: 36/43 MP: 5/5
  2992 | D:4      | Identified a scroll of acquirement
  3023 | D:4      | Acquired 1043 gold pieces
  3058 | D:5      | Entered Level 5 of the Dungeon
  3179 | D:5      | HP: 2/43 [gnoll/+0 spear[a gnoll bouda] (5)]
  3180 | D:5      | Reached XP level 6. HP: 1/50 MP: 6/6
  3180 | D:5      | Slain by a gnoll bouda

Illustrated notes

Levels and vault maps discovered:
D:1:      onia_arrival_mini_spirals, layout_loops_cross, serial_shops,
          shop_fountains
D:2:      layout_loops_ring, serial_glass, glass_columns_c, glass_columns_a,
          minmay_tetromino_o4
D:3:      layout_loops_ring, ebering_ghost_rock_garden, minivault_11
D:4:      layout_cave_pods, feat_on_display
D:5:      layout_layer_cave, tso_metal_star, uniq_pikel

Skill      XL: |  1  2  3  4  5 |
---------------+----------------+-----
Axes           | 2 3 |  3.0
Shields        | 3 |  3.6
Armour         | 3 |  3.5
Fighting       | 4 |  4.9

Action                     |  1- 3 |  4- 6 || total
---------------------------+-------+-------++-------
  Melee: War axe           |   164 |    63 ||   227
         Tailslap          |       |     1 ||     1
    Use: Scroll            |     8 |    10 ||    18
         Potion            |       |     2 ||     2
 Armour: Scale mail        |    78 |    21 ||    99
  Dodge: Dodged            |    88 |    22 ||   110
  Block: Buckler           |    88 |    41 ||   129

Table legend: (Time is in decaauts)
 A = Elapsed time spent in this place.
 B = Non-inter-level travel time spent in this place.
 C = Inter-level travel time spent in this place.
 D = Time resting spent in this place.
 E = Time spent auto-exploring this place.
 F = Levels seen in this place.
 G = Mean time per level.
                   A        B        C        D        E       F      G
               +--------+--------+--------+--------+--------+-----+--------+
         Total |   3256 |   3048 |    208 |     34 |   2415 |   5 |  651.2 |
       Dungeon |   3256 |   3048 |    208 |     34 |   2415 |   5 |  651.2 |
               +--------+--------+--------+--------+--------+-----+--------+

Top non-repeatable levels by time:
     D:4: 989 daAuts
     D:1: 760 daAuts
     D:2: 692 daAuts
     D:3: 687 daAuts
     D:5: 126 daAuts
